 Dungeon Crawl Stone Soup version 0.29.1-13-g9f3cf754e1 (webtiles) character file.

Game seed: 16879881224659395727

63990 tizbic2 the Skirmisher (level 15, -13/81 HPs)
             Began as a Vine Stalker Fighter on Jan 25, 2023.
             Was the Champion of Qazlal.
             Killed by divine providence
             ... invoked by Saint Roka
              (15 damage)
             ... on level 2 of the Orcish Mines on Jan 26, 2023.
             The game lasted 01:49:17 (14023 turns).

tizbic2 the Skirmisher (Vine Stalker Fighter)      Turns: 14023, Time: 01:49:18

Health: -13/81     AC: 33    Str: 27    XL:     15   Next: 11%
Magic:  0/18       EV:  8    Int:  5    God:    Qazlal [******]
Gold:   837        SH:  8    Dex: 19    Spells: 15/15 levels left

rFire   + . .      SeeInvis .   e - +5 morningstar (freeze)
rCold   . . .      Faith    .   (no shield)
rNeg    + + .      Spirit   +   W - +7 plate armour "Hakhluhe" {rElec rN++ rCorr Int-3}
rPois   +          Reflect  .   D - +2 hat
rElec   +          Harm     .   R - +0 cloak {rPois}
rCorr   +          Rampage  .   G - +0 pair of gloves of Honesty {Fly rF+}
Will    ++...                   H - +1 pair of boots
Stlth   ..........              (no amulet)
HPRegen 1.03/turn               J - ring of willpower
MPRegen 0.16/turn               a - +6 ring of strength

@: protected from physical damage, flying, repel missiles
A: fangs 3, regeneration 1, magic shield, antimagic bite, no potion heal 2
a: Renounce Religion, Upheaval, Elemental Force, Disaster Area


You were on level 2 of the Orcish Mines.
You worshipped Qazlal.
Qazlal was exalted by your worship.
You visited 4 branches of the dungeon, and saw 17 of its levels.
You also visited: Sewer and Bailey.

You collected 1759 gold pieces.
You spent 922 gold pieces at shops.

Inventory:

Hand Weapons
 e - a +5 morningstar of freezing (weapon)
 i - a +0 short sword of holy wrath
 w - a +4 arbalest
 x - a +4 battleaxe
 K - a +0 flail of protection
 Q - a +2 spectral quarterstaff
Missiles
 l - 3 throwing nets
 q - 35 poisoned darts (quivered)
 A - 4 boomerangs of dispersal
Armour
 c - a +0 buckler
 p - the +1 pair of gloves of the Lily {Dex+2}
   (You found it on level 5 of the Lair of Beasts)

   Dex:       It affects your dexterity (+2).
 D - a +2 hat (worn)
 G - the +0 pair of gloves of Honesty (worn) {Fly rF+}
   (You found it on level 6 of the Dungeon)

   rF:        It protects you from fire.
   Fly:       It grants you flight.
 H - a +1 pair of boots (worn)
 R - a +0 cloak of poison resistance (worn)
 W - the +7 plate armour "Hakhluhe" (worn) {rElec rN++ rCorr Int-3}
   (You bought it in a shop on level 8 of the Dungeon)

   Int:       It affects your intelligence (-3).
   rElec:     It insulates you from electricity.
   rN:        It greatly protects you from negative energy.
   rCorr:     It protects you from acid and corrosion.
Jewellery
 a - a +6 ring of strength (right hand)
 j - a ring of protection from fire
 y - a ring of see invisible
 J - a ring of willpower (left hand)
 X - a +4 ring of evasion
Wands
 s - a wand of paralysis (4)
 t - a wand of polymorph (6)
 B - a wand of digging (15)
 L - a wand of mindburst (23)
 M - a wand of flame (23)
 P - a wand of roots (7)
Scrolls
 b - 8 scrolls of teleportation
 n - 2 scrolls of silence
 o - 3 scrolls of poison
 r - 2 scrolls of vulnerability
 I - 2 scrolls of amnesia
 V - a scroll of immolation
 Y - a scroll of torment
Potions
 d - 2 potions of might
 f - 3 potions of invisibility
 g - 3 potions of lignification
 k - 2 potions of berserk rage
 m - 6 potions of brilliance
 u - a potion of cancellation
 v - 4 potions of haste
 C - a potion of mutation
 F - 4 potions of heal wounds {unknown}
 N - 3 potions of magic
 S - 2 potions of curing
 U - 2 potions of attraction
Miscellaneous
 O - a tin of tremorstones (2/2)
 Z - a lightning rod (4/4)


   Skills:
 + Level 10.5 Fighting
 - Level 12.0(12.3) Maces & Flails
 - Level 4.2(5.1) Polearms
 + Level 4.2(9.3) Staves
 + Level 12.2 Ranged Weapons
 * Level 12.1 Armour
 - Level 2.6 Shields
 - Level 0.6 Spellcasting
 - Level 2.7 Invocations


You had 15 spell levels left.
You didn't know any spells.
Your spell library contained the following spells:

 Spells                   Type           Power      Damage    Failure   Level
 Apportation              Tloc           0%         N/A       98%         1
 Sting                    Tmut/Pois      0%         1d3       98%         1
 Summon Small Mammal      Summ           0%         N/A       98%         1
 Blink                    Tloc           0%         N/A       99%         2
 Poisonous Vapours        Pois/Air       0%         N/A       99%         2
 Static Discharge         Conj/Air       0%         3-3/arc   99%         2
 Call Canine Familiar     Summ           0%         N/A       100%        3
 Gell's Gravitas          Tloc           0%         N/A       100%        3
 Inner Flame              Hex/Fire       0%         N/A       100%        3
 Lesser Beckoning         Tloc           0%         N/A       100%        3
 Stone Arrow              Conj/Erth      0%         3d7       100%        3
 Summon Guardian Golem    Hex/Summ       0%         N/A       100%        3
 Teleport Other           Tloc           0%         N/A       100%        3
 Tukima's Dance           Hex            0%         N/A       100%        3
 Animate Armour           Summ/Erth      0%         N/A       100%        4
 Animate Dead             Necr           0%         N/A       100%        4
 Cause Fear               Hex            0%         N/A       100%        4
 Olgreb's Toxic Radiance  Pois           0%         N/A       100%        4
 Passage of Golubria      Tloc           0%         N/A       100%        4
 Alistair's Intoxication  Tmut/Pois      0%         N/A       100%        5
 Borgnjor's Vile Clutch   Necr/Erth      0%         N/A       100%        5
 Lightning Bolt           Conj/Air       0%         1d11      100%        5
 Manifold Assault         Tloc           0%         N/A       100%        5
 Yara's Violent Unravell  Hex/Tmut       0%         3d3       100%        5
 Death Channel            Necr           0%         N/A       100%        6
 Eringya's Noxious Bog    Tmut/Pois      0%         N/A       100%        6
 Discord                  Hex            0%         N/A       100%        8
 Lehudib's Crystal Spear  Conj/Erth      0%         10d2      100%        8
 Maxwell's Capacitive Co  Air            0%         ∞         100%        8


Dungeon Overview and Level Annotations

Branches:
Dungeon (9/15)             Temple (1/1) D:7            Lair (5/5) D:9
 Shoals (0/4) Lair:3        Snake (0/4) Lair:2        Slime (0/5) Lair:5
    Orc (2/2) D:9             Elf (0/3) Orc:2         Sewer (visited)
 Bailey (visited)

Altars:
Ashenzari
Cheibriados
Dithmenos
Elyvilon
Fedhas
Gozag
Hepliaklqana
Kikubaaqudgha
Makhleb
Nemelex Xobeh
Okawaru
Qazlal
Ru
Sif Muna
Trog
Uskayaw
Vehumet
Wu Jian
Xom
Yredelemnul
Zin
The Shining One
Jiyva

Shops:
D:2 *   D:8 [

Annotations:
Orc:2 Saint Roka


Innate Abilities, Weirdness & Mutations

You have razor-sharp teeth.
Your natural rate of healing is unusually fast.
When hurt, damage is shared between your health and your magic reserves.
Your bite disrupts and absorbs the magic of your enemies.
Potions cannot restore your health.


Message History

You hear a shout!
Saint Roka the Messiah comes into view.
They are wielding a +0 bardiche.
You see here a +0 flail.
Press: ? - help, v - describe, . - travel
Here: Saint Roka, wielding a +0 bardiche and wearing a +0 chain mail The floor.
The orc knight roars a battlecry!
An orc warrior comes into view. It is wielding a +0 scimitar.
The orc warrior shouts!
Saint Roka mumbles some strange prayers to Beogh against you.
Beogh smites you! The orc knight barely misses you.
You hit Saint Roka but do no damage.
Saint Roka hits you with a +0 bardiche!!!
Ouch! That really hurt!
* * * LOW HITPOINT WARNING * * *
You feel protected from physical attacks.
The orc knight hits you with a +3 great sword!
* * * LOW HITPOINT WARNING * * *
Okay, then.
Okay, then.
Okay, then.
Okay, then.
Okay, then.
Okay, then.
Okay, then.
Okay, then.
Aiming: Paralyse
Press: ? - help, Shift-Dir - straight line, f - Saint Roka
Aim: Saint Roka, wielding a +0 bardiche and wearing a +0 chain mail (strong, chance to affect: 7%)
Okay, then.
Aiming: Polymorph
Press: ? - help, Shift-Dir - straight line, f - Saint Roka
Aim: Saint Roka, wielding a +0 bardiche and wearing a +0 chain mail (strong, will become a death yak, a caustic shrike, or a fenstrider witch, chance to affect: 7%)
Okay, then.
Okay, then.
As you read the scroll of summoning, it crumbles to dust.
Wisps of shadow whirl around you...
Saint Roka mumbles some strange prayers to Beogh against you.
Beogh smites you!
You die...

......#.........## ##
......#.)........# #.#.
.............)..####.....
.........#...).###.......
.............)).#........
.......................#
.............).....o....
....#.........○°O.☼.#...
...............o@..o#
....####..#...)o#o§## ..#
##.#...○.#.## ..# #
#8..o8### .# #.....# .#
#.....# .#### ........
.[[.#####.........
.[[..8o...........


You could see Saint Roka (strong, ally target), an orc knight, an orc warrior
(strong), a friendly ogre (summoned), a friendly orc priest (summoned), a
friendly orc wizard (summoned) and a friendly orc (summoned).

Vanquished Creatures
  Kirke (Lair:5)
  Nessos (Orc:2)
  Snorg (Lair:4)
  An ettin (Orc:2)
  A fire dragon (Lair:5)
  Josephine (Lair:5)
  An ice dragon (Lair:5)
  A boulder beetle (Lair:2)
  Harold (D:9)
  An ogre mage (Orc:2)
  3 hydras
  2 two-headed ogres
  An alligator (Lair:5)
  4 death yaks (Lair:4)
  An orc high priest (Orc:2)
  The ghost of Loveship the Insei, a novice DsTm of Wu Jian (D:8)
  3 swamp dragons (Lair:5)
  A lindwurm (Lair:5)
  2 orc knights (Orc:2)
  4 oklob plants
  2 orc sorcerers (Orc:2)
  A cyclops (Orc:1)
  2 ugly things (D:8)
  A manticore (Lair:3)
  7 elephants
  A merfolk siren (Lair:3)
  8 black mambas
  Maurice (D:9)
  5 torpor snails (Lair:5)
  A gargoyle (D:8)
  12 cane toads
  An efreet (D:8)
  6 komodo dragons
  8 rime drakes
  4 tyrant leeches (Lair:5)
  7 hornets (Lair:5)
  15 blink frogs
  3 polar bears
  A dream sheep (Lair:2)
  A shadow (D:9)
  3 wraiths (Lair:5)
  54 yaks
  Eustachio (D:6)
  2 spriggans (Bailey)
  12 wyverns
  10 basilisks
  4 hogs (Lair:5)
  3 steam dragons
  4 wargs
  6 vampire mosquitoes
  An acid dragon (Lair:5)
  4 nagas (Lair:2)
  10 water moccasins
  A floating eye (Lair:4)
  2 swamp drakes (Lair:5)
  2 sky beasts (D:7)
  2 black bears
  15 orc warriors
  6 wolves (Lair:3)
  18 ogres
  A centaur (D:7)
  2 necrophages (D:8)
  8 bullfrogs
  4 kobold brigands
  3 scorpions
  A gnoll sergeant (D:8)
  5 wights
  6 killer bees (D:9)
  3 electric eels
  13 jellies
  3 hounds
  8 orc priests
  Crazy Yiuf (D:3)
  A gnoll bouda (D:9)
  5 iguanas
  17 orc wizards
  10 hell rats
  9 gnolls
  7 adders
  6 river rats (Sewer)
  2 white imps
  A worm (D:2)
  2 dart slugs (D:4)
  33 orcs
  5 bats
  4 endoplasms
  4 giant cockroaches
  10 goblins
  6 hobgoblins
  5 quokkas
  14 ball pythons
  6 frilled lizards
  43 kobolds
  29 rats
556 creatures vanquished.

Vanquished Creatures (others)
  A basilisk (Lair:5)
  An acid dragon (D:8)
  18 fungi
  77 plants
97 creatures vanquished.

Grand Total: 653 creatures vanquished

Notes
Turn   | Place    | Note
-------+----------+-------------------------------------------
     0 | D:1      | tizbic2 the Vine Stalker Fighter began the quest for the
                  | Orb.
     0 | D:1      | Reached XP level 1. HP: 11/11 MP: 2/2
   172 | D:1      | Found a faded altar of an unknown god.
   176 | D:1      | Prayed at the altar of an unknown god.
   176 | D:1      | Became a worshipper of Qazlal Stormbringer
   176 | D:1      | Reached * piety under Qazlal
   311 | D:1      | Reached XP level 2. HP: 16/16 MP: 3/3
  1161 | D:2      | Reached XP level 3. HP: 8/19 MP: 1/4
  1330 | D:2      | Found Boupolla's Assorted Antiques.
  1338 | D:2      | Bought a scroll labelled BIZUUNO DYIDWE for 23 gold pieces
  1955 | D:3      | Reached skill level 1 in Invocations
  1957 | D:3      | Reached ** piety under Qazlal
  2148 | D:3      | Gained mutation: Your natural rate of healing is unusually
                  | fast. [Vine Stalker growth]
  2148 | D:3      | Reached XP level 4. HP: 24/24 MP: 5/5
  2210 | D:3      | Found a glowing drain.
  2216 | Sewer    | Entered a sewer
  2258 | Sewer    | Noticed a kobold brigand
  2263 | Sewer    | Killed a kobold brigand
  2264 | Sewer    | Reached XP level 5. HP: 18/28 MP: 7/7
  2360 | Sewer    | Reached *** piety under Qazlal
  2455 | Sewer    | Reached XP level 6. HP: 33/33 MP: 8/8
  2870 | D:3      | Found a runed translucent door.
  2871 | D:3      | Noticed Crazy Yiuf
  2887 | D:3      | Killed Crazy Yiuf
  2887 | D:3      | Reached **** piety under Qazlal
  3456 | D:4      | Noticed a black bear
  3463 | D:4      | Killed a black bear
  3464 | D:4      | Reached skill level 1 in Ranged Weapons
  3592 | D:4      | Found a bloodstained altar of Trog.
  3592 | D:4      | Found an ancient bone altar of Kikubaaqudgha.
  3684 | D:4      | Reached skill level 1 in Staves
  3905 | D:4      | Found a shimmering blue altar of Sif Muna.
  3905 | D:4      | Found a sparkling altar of Nemelex Xobeh.
  3949 | D:5      | Entered Level 5 of the Dungeon
  3956 | D:5      | Reached XP level 7. HP: 37/37 MP: 10/10
  4330 | D:6      | Noticed Eustachio
  4343 | D:6      | Killed Eustachio
  4344 | D:6      | Gained mutation: You have razor-sharp teeth. [Vine Stalker
                  | growth]
  4344 | D:6      | Reached XP level 8. HP: 12/42 MP: 6/11
  4513 | D:6      | Identified the +0 pair of gloves of Honesty {Fly rF+}
  4609 | D:6      | Reached skill level 5 in Ranged Weapons
  4816 | D:7      | Reached XP level 9. HP: 46/46 MP: 9/12
  4867 | D:7      | Found a staircase to the Ecumenical Temple.
  4893 | Temple   | Entered the Ecumenical Temple
  6193 | D:8      | Found Haecyuz's Armour Shoppe.
  6238 | D:8      | Reached skill level 1 in Maces & Flails
  6262 | D:8      | Noticed a two-headed ogre
  6268 | D:8      | Killed a two-headed ogre
  6282 | D:8      | Reached skill level 5 in Maces & Flails
  6282 | D:8      | Reached XP level 10. HP: 22/51 MP: 5/13
  6287 | D:8      | Reached ***** piety under Qazlal
  6337 | D:8      | Found a flagged portal.
  6344 | Bailey   | Entered a bailey
  6406 | Bailey   | Noticed a two-headed ogre
  6562 | D:8      | Noticed Loveship's ghost (novice DsTm)
  6571 | D:8      | Found a runed translucent door.
  6625 | D:8      | Killed Loveship's ghost
  6775 | D:8      | Noticed a purple ugly thing
  6776 | D:8      | Noticed a red ugly thing
  6777 | D:8      | Noticed a gargoyle
  6779 | D:8      | Killed a purple ugly thing
  6801 | D:8      | Killed a red ugly thing
  6807 | D:8      | Reached skill level 10 in Ranged Weapons
  6853 | D:8      | Killed a gargoyle
  7072 | D:9      | Reached XP level 11. HP: 49/54 MP: 14/14
  7072 | D:9      | Noticed Harold
  7083 | D:9      | Killed Harold
  7342 | D:9      | Noticed Maurice
  7361 | D:9      | Killed Maurice
  7372 | D:9      | Noticed a two-headed ogre
  7379 | D:9      | Killed a two-headed ogre
  7560 | D:9      | Reached skill level 10 in Maces & Flails
  7585 | D:9      | Found a staircase to the Lair.
  7612 | D:9      | Found a staircase to the Orcish Mines.
  7692 | Orc:1    | Entered Level 1 of the Orcish Mines
  7786 | Orc:2    | Entered Level 2 of the Orcish Mines
  7792 | Orc:2    | Noticed an ettin
  7872 | Lair:1   | Entered Level 1 of the Lair of Beasts
  8068 | Lair:1   | Reached XP level 12. HP: 39/59 MP: 13/15
  8472 | Lair:1   | Noticed an eight-headed hydra
  8480 | Lair:1   | Killed an eight-headed hydra
  8981 | Lair:2   | Reached skill level 5 in Fighting
  9066 | Lair:2   | Noticed a boulder beetle
  9093 | Lair:2   | Killed a boulder beetle
  9431 | Lair:2   | Reached skill level 5 in Armour
  9545 | Lair:2   | Found a staircase to the Snake Pit.
  9579 | Lair:2   | Reached XP level 13. HP: 50/65 MP: 13/16
 10367 | Lair:3   | Found a bloodstained altar of Trog.
 10386 | Lair:3   | Reached ****** piety under Qazlal
 10755 | D:8      | Bought the +7 plate armour "Hakhluhe" {rElec rN++ rCorr
                  | Int-3} for 899 gold pieces
 11144 | Lair:3   | Found a staircase to the Shoals.
 11492 | Lair:4   | Reached XP level 14. HP: 53/74 MP: 17/17
 11518 | Lair:4   | Noticed Snorg
 11529 | Lair:4   | Killed Snorg
 11649 | Lair:4   | Reached skill level 10 in Armour
 12060 | Lair:5   | Entered Level 5 of the Lair of Beasts
 12160 | Lair:5   | Noticed Kirke
 12169 | Lair:5   | Noticed a sphinx
 12179 | Lair:5   | Killed Kirke
 12393 | Lair:5   | Noticed Josephine
 12405 | Lair:5   | Killed Josephine
 12517 | Lair:5   | Found a runed translucent door.
 12616 | Lair:5   | Paralysed by a hornet for 3 turns
 12653 | Lair:5   | Reached skill level 10 in Fighting
 12868 | Lair:5   | Identified the +1 pair of gloves of the Lily {Dex+2}
 13070 | Lair:5   | Found a staircase to the Slime Pits.
 13070 | Lair:5   | Found a viscous altar of Jiyva.
 13435 | Orc:2    | Noticed Nessos
 13448 | Orc:2    | Killed Nessos
 13643 | Orc:2    | Reached XP level 15. HP: 81/81 MP: 18/18
 13906 | Orc:2    | Found a staircase to the Elven Halls.
 14011 | Orc:2    | Noticed Saint Roka
 14022 | Orc:2    | HP: 1/81 [orc knight/+3 great sword (8)]
 14023 | Orc:2    | Killed from afar by Saint Roka

Illustrated notes

Levels and vault maps discovered:
D:1:      dpeg_arrival_round_b, layout_basic, shapermc_ecumenical_altar_venn,
          minmay_misc_feat_five, serial_bayou_crossing
D:2:      layout_basic, serial_shops, nicolae_shop_competitors_out_of_business,
          corexii_item_surrounded_by_moat, chequers_serial_rivers_small_b
D:3:      layout_loops_ring, gup_sewer_entry_bubbles,
          kennysheep_cross_bottleneck, uniq_crazy_yiuf_cottage
D:4:      layout_cave_pods, nicolae_overflow_two_pavilions,
          gammafunk_temple_overflow_elements
D:5:      layout_rooms
D:6:      layout_rooms, uniq_eustachio
D:7:      layout_layer_cave, minmay_temple_entry_trees, item_on_display_a
D:8:      layout_gridville, enter_bailey_3, hellmonk_ghost_happy_afterlife,
          serial_shops, shop, minmay_the_grid_2x2 [minmay_the_grid_outer_circle,
          minmay_the_grid_spin_star, minmay_the_grid_all_tris,
          minmay_the_grid_prize_big_room]
D:9:      layout_big_octagon, david_lair_shrubbed, minmay_orc_entry_guard_dogs,
          uniq_maurice, uniq_harold
Temple:   nicolae_temple_bog_church
Lair:1:   layout_hall_layers, grunt_forest_small_clearing_treed,
          grunt_megastairs_4, infiniplex_staircase_pool
Lair:2:   layout_layer_cave, minmay_snake_entry_guardpost_small,
          wad_woods_river_01, serial_bayou_shore_a
Lair:3:   layout_roguey [special_room_mythical_zoo],
          minmay_shoals_entry_lonely_mermaid, gauntlet_entry_generic,
          basic_altar, amcnicky_mini_pool_medium
Lair:4:   layout_loops_ring, disabler_island, uniq_snorg
Lair:5:   wormcave, layout_hall_layers, guppyfry_lair_end_dragon,
          minmay_slime_entry_jelly_boxes, pond, uniq_kirke, uniq_josephine
Orc:1:    layout_diamond_mine, serial_shops, shop_fountains
Orc:2:    grunt_orc_cross, layout_diamond_mine, mines4_lemuel, uniq_nessos

Skill      XL: |  1  2  3  4  5  6  7  8  9 10 11 12 13 14 15 |
---------------+----------------------------------------------+-----
Polearms       | 2 3 4 |  4.2
Fighting       | 3 4 6 8 10 | 10.5
Invocations    | 1 2 |  2.7
Ranged Weapons | 1 4 7 9 10 11 12 | 12.2
Staves         | 1 2 3 4 |  4.2
Maces & Flails | 5 8 11 12 | 12.0
Armour         | 5 9 11 12 | 12.1
Shields        | |  2.6
Spellcasting   | |  0.6

Action                   |  1- 3 |  4- 6 |  7- 9 | 10-12 | 13-15 || total
-------------------------+-------+-------+-------+-------+-------++-------
Melee: Trident           |   102 |    96 |       |       |       ||   198
       Bite              |    19 |    27 |    28 |   110 |   205 ||   389
       Spear             |       |    20 |       |       |       ||    20
       Quarterstaff      |       |     4 |    16 |    92 |   148 ||   260
       War axe           |       |       |     3 |       |       ||     3
       Morningstar       |       |       |    87 |   126 |   205 ||   418
       Short sword       |       |       |     2 |    24 |     2 ||    28
       Punch             |       |       |     1 |     1 |     4 ||     6
       Battleaxe         |       |       |       |    74 |   142 ||   216
       Unarmed           |       |       |       |     4 |       ||     4
       Flail             |       |       |       |     3 |       ||     3
 Fire: Arbalest          |       |    80 |    57 |    77 |    96 ||   310
Invok: Elemental Force   |       |       |       |     1 |       ||     1
Evoke: Wand              |       |       |       |     3 |       ||     3
       Tin of tremorston |       |       |       |     1 |       ||     1
  Use: Scroll            |     3 |     3 |     2 |     8 |    20 ||    36
       Potion            |       |       |     1 |     1 |     1 ||     3
 Stab: Distracted        |       |       |       |     2 |     2 ||     4
Armor: Scale mail        |     3 |       |       |       |       ||     3
       Plate armour      |    33 |   144 |   104 |   139 |   272 ||   692
       Ring mail         |       |     1 |     5 |       |       ||     6
       Skin              |       |       |       |     1 |       ||     1
       Chain mail        |       |       |       |    41 |    65 ||   106
Dodge: Dodged            |    33 |    55 |    68 |   103 |   175 ||   434
       Repelled          |       |     1 |       |     4 |     4 ||     9
Block: Buckler           |    21 |    68 |    60 |    64 |       ||   213
       Other             |       |    36 |    27 |    82 |   202 ||   347
